Flyers vs Penguins

Created - September-15-13 at 10:34

Simulating a Pre-Season

Goals
1 2 3 OT1 T
Flyers 1 0 2 0 3
Penguins 2 1 0 1 4
Shots
1 2 3 OT1 T
Flyers 4 2 3 0 9
Penguins 9 16 15 1 41

1st period

1. Flyers , Justin Williams 3 (Joni Pitkanen, Nikolai Kulemin) at 0:44
2. Penguins , Kris Letang 2 (Ryan Suter, Andrew Ladd) at 7:33 (PP)
3. Penguins , John Tavares 1 (Andrew Ladd, Barret Jackman) at 17:29 (PP)

Penalties :
Jack Skille (PHI) for Hooking (Minor) at 2:23, Kevin Bieksa (PHI) for Roughing (Minor) at 5:35, Kyle Okposo (PHI) for High sticking (Double Minor) at 13:57

2nd period

4. Penguins , John Tavares 2 (Kris Letang) at 3:57 (PP)

Penalties :
Kyle Okposo (PHI) for Hooking (Minor) at 3:51, Devan Dubnyk (PHI) for Unsportsmanlike conduct (Major / Game Misconduct) at 9:32 - Eric Belanger served the penalty., Mark Stuart (PHI) for Tripping (Minor) at 19:31

3rd period

5. Flyers , Kyle Okposo 1 (Joni Pitkanen, Kevin Bieksa) at 9:15
6. Flyers , Kyle Brodziak 1 (Kevin Bieksa, Joni Pitkanen) at 17:03

Penalties :
Kevin Bieksa (PHI) for Hooking (Minor) at 1:29, Nikolai Kulemin (PHI) for Roughing (Minor) at 5:10, Kevin Bieksa (PHI) for High sticking (Minor) at 10:42, Mark Stuart (PHI) for Tripping (Minor) at 10:51, R.J. Umberger (PHI) for Hooking (Minor) at 17:38, Marc-Andre Bergeron (PHI) for Tripping (Minor) at 19:46

Overtime #1

7. Penguins , Andrew Ladd 2 (Ryan Suter, Kris Letang) at 0:33 (PP)

Penalties :
No Penalty

Goalie Stats

Devan Dubnyk (PHI), 12 saves from 15 shots - (0.800), 29:32 minutes
Nikolai Khabibulin (PHI), 25 saves from 26 shots - (0.962), OTL, 0-0-1, 31:02 minutes
Marc-Andre Fleury (PIT), 6 saves from 9 shots - (0.667), W, 3-3-0, 60:34 minutes

Players Stats for Flyers

Player Name              G  A  P  +/- PIM S  H  SB GA TA FO     MP     PP MP  PK MP  
------------------------------------------------------------------------------------
Antti Miettinen          0  0  0   0  0   0  0  0  0  0  0/0     4:50   0:00   0:05 
Carlo Colaiacovo         0  0  0   0  0   0  5  3  0  0  0/0    12:58   0:00   2:22 
Dainius Zubrus           0  0  0   0  0   0  0  0  0  0  0/0    16:35   0:00   7:58 
David Steckel            0  0  0   0  0   0  0  0  0  0  7/13    9:06   0:00   0:29 
Eric Belanger            0  0  0   0  0   0  1  1  0  0  6/25   16:56   0:00  12:11 
Gabriel Bourque          0  0  0   1  0   0  1  0  0  0  2/4    13:55   0:00   2:58 
Jack Skille              0  0  0   0  2   1  2  0  0  0  1/2     8:36   0:00   0:00 
Jean-Gabriel Pageau      0  0  0   1  0   1  0  0  0  0  11/16  13:18   0:00   2:21 
Joni Pitkanen            0  3  3   3  0   0  0  1  0  0  0/0    26:13   0:00  13:06 
Justin Williams          1  0  1   2  0   3  0  0  0  0  0/0    12:51   0:00   0:00 
Kevin Bieksa             0  2  2   3  6   2  1  1  0  0  0/0    23:41   0:00   9:51 
Kyle Brodziak            1  0  1   2  0   1  0  1  0  0  15/27  20:16   0:00   7:25 
Kyle Okposo              1  0  1   1  6   1  3  0  0  0  0/0    10:55   0:00   0:00 
Luke Schenn              0  0  0   0  0   0  4  1  0  0  0/0    24:47   0:00  12:05 
Marc-Andre Bergeron      0  0  0   0  2   0  0  1  0  0  0/0    11:12   0:00   0:37 
Mark Stuart              0  0  0   0  4   0  4  4  0  0  0/0    22:11   0:00   8:45 
Nikolai Kulemin          0  1  1   2  2   0  6  0  0  0  1/3    23:46   0:00  10:56 
R.J. Umberger            0  0  0   0  2   0  0  1  0  0  0/0     4:44   0:00   0:00 

Players Stats for Penguins

Player Name              G  A  P  +/- PIM S  H  SB GA TA FO     MP     PP MP  PK MP  
------------------------------------------------------------------------------------
Alexander Steen          0  0  0  -1  0   1  0  0  0  0  1/3    23:34  11:18   0:00 
Andrew Ladd              1  2  3   0  0   6  1  0  0  0  1/2    23:58  11:23   0:00 
Barret Jackman           0  1  1  -1  0   2  1  0  0  0  0/0    23:24   9:42   0:00 
Brandon Saad             0  0  0  -2  0   1  0  0  0  0  0/1     8:29   0:09   0:00 
Brendan Gallagher        0  0  0   0  0   0  1  0  0  0  0/0    23:24  11:23   0:00 
David Perron             0  0  0   0  0   0  1  0  0  0  0/1     4:33   0:00   0:00 
Gabriel Landeskog        0  0  0  -2  0   0  0  0  0  0  0/1     8:29   0:09   0:00 
John Tavares             2  0  2   0  0   7  0  0  0  0  18/35  23:58  11:23   0:00 
Kris Letang              1  2  3   0  0   9  2  1  0  0  0/0    26:51  12:59   0:00 
Matt Hunwick             0  0  0  -2  0   1  0  0  0  0  0/0    10:19   0:09   0:00 
Nick Leddy               0  0  0  -1  0   3  0  1  0  0  0/0    23:24   9:42   0:00 
Nick Schultz             0  0  0  -2  0   2  0  0  0  0  0/0    10:19   0:09   0:00 
Ryan Callahan            0  0  0  -1  0   0  0  0  0  0  1/1    23:34  11:18   0:00 
Ryan Getzlaf             0  0  0  -1  0   3  4  0  0  0  20/32  23:34  11:18   0:00 
Ryan Suter               0  2  2   0  0   5  0  0  0  0  0/0    26:51  12:59   0:00 
Stephen Weiss            0  0  0   0  0   0  0  0  0  0  2/6     4:42   0:09   0:00 
Tom Pyatt                0  0  0   0  0   1  0  0  0  0  0/0     4:33   0:00   0:00 
Zack Smith               0  0  0  -2  0   0  0  0  0  0  4/8     8:20   0:00   0:00 

3 Stars

1 - Kris Letang (PIT)
2 - Joni Pitkanen (PHI)
3 - Andrew Ladd (PIT)

Power Play

Flyers - 0 on 0 Attempt(s) - 0.00%
Penguins - 4 on 13 Attempt(s) - 30.77%

Penalty Kill

Flyers - 9 on 13 Attempt(s) - 69.23% - Score 0 goal in Penalty Kill
Penguins - 0 on 0 Attempt(s) - 0.00% - Score 0 goal in Penalty Kill

Official

Referees : Darcy Burchell and Graham Skiliter
Linesman : Pierre Racicot and Shane Heyer

Game Notes

Devan Dubnyk ejected from game at 9:32 of 2nd period
Nikolai Khabibulin enters game at 9:32 of 2nd period

% Time on Ice - Flyers

Lines # - Real PCT - Wanted PCT - Time Play
Normal Forward
1 - 35% - 40% - 12:51
2 - 29% - 35% - 10:57
3 - 23% - 15% - 8:37
4 - 13% - 10% - 4:45
Normal Defense
1 - 35% - 45% - 13:07
2 - 36% - 40% - 13:27
3 - 29% - 15% - 10:36
4 - 0% - 0% - 0:00
PP Forward
1 - 0% - 60%
2 - 0% - 40%
PP Defense
1 - 0% - 60%
2 - 0% - 40%
PK Forward
1 - 67% - 60% - 13:59
2 - 33% - 40% - 7:00
PK Defense
1 - 59% - 60% - 12:27
2 - 41% - 40% - 8:32
PK3 Forward
1 - 83% - 60% - 2:00
2 - 17% - 40% - 0:25
PK3 Defense
1 - 41% - 60% - 0:59
2 - 59% - 40% - 1:26
44 Forward
1 - 0% - 60%
2 - 0% - 40%
44 Defense
1 - 0% - 60%
2 - 0% - 40%
Last Minute Offensive  - 0:00
Last Minute Defensive  - 0:00
Total
Forward - 60:34
Defense - 60:34

% Time on Ice - Penguins

Lines # - Real PCT - Wanted PCT - Time Play
Normal Forward
1 - 32% - 34% - 12:01
2 - 33% - 34% - 12:16
3 - 22% - 20% - 8:20
4 - 12% - 12% - 4:33
Normal Defense
1 - 36% - 38% - 13:18
2 - 37% - 38% - 13:42
3 - 27% - 22% - 10:10
4 - 0% - 2% - 0:00
PP Forward
1 - 50% - 50% - 11:23
2 - 50% - 50% - 11:27
PP Defense
1 - 58% - 60% - 13:08
2 - 42% - 40% - 9:42
PK Forward
1 - 0% - 55%
2 - 0% - 45%
PK Defense
1 - 0% - 60%
2 - 0% - 40%
PK3 Forward
1 - 0% - 55%
2 - 0% - 45%
PK3 Defense
1 - 0% - 55%
2 - 0% - 45%
44 Forward
1 - 100% - 55% - 0:34
2 - 0% - 45% - 0:00
44 Defense
1 - 100% - 55% - 0:34
2 - 0% - 45% - 0:00
Last Minute Offensive  - 0:00
Last Minute Defensive  - 0:00
Total
Forward - 60:34
Defense - 60:34

Play by Play

1st period


0:01 of 1st period - John Tavares wins face-off versus Kyle Brodziak in neutral zone.
0:17 of 1st period - Icing by Kevin Bieksa.
0:18 of 1st period - Kyle Brodziak wins face-off versus Ryan Getzlaf in Flyers zone.
0:44 of 1st period - Shot by Justin Williams.
0:44 of 1st period - Goal by Justin Williams - Flyers : 1 - Penguins : 0.
0:45 of 1st period - Jean-Gabriel Pageau wins face-off versus Zack Smith in neutral zone.
1:02 of 1st period - Icing by Mark Stuart.
1:03 of 1st period - Jean-Gabriel Pageau wins face-off versus Stephen Weiss in Flyers zone.
1:44 of 1st period - Icing by Luke Schenn.
1:45 of 1st period - Jean-Gabriel Pageau wins face-off versus John Tavares in Flyers zone.
2:01 of 1st period - Brendan Gallagher is hit by Carlo Colaiacovo and loses puck.
2:11 of 1st period - Brendan Gallagher is hit by Carlo Colaiacovo and loses puck.
2:17 of 1st period - John Tavares is hit by Carlo Colaiacovo and loses puck.
2:23 of 1st period - Minor Penalty to Jack Skille for Hooking.
2:24 of 1st period - Ryan Getzlaf wins face-off versus Eric Belanger in Flyers zone.
2:25 of 1st period - Shot by Kris Letang.
2:25 of 1st period - Stopped by Devan Dubnyk without a rebound.
2:26 of 1st period - Eric Belanger wins face-off versus Ryan Getzlaf in Flyers zone.
4:25 of 1st period - Shot by Ryan Callahan.
4:25 of 1st period - Shot Misses the Net.
4:46 of 1st period - Shot by Carlo Colaiacovo.
4:46 of 1st period - Shot Misses the Net.
5:20 of 1st period - Nick Schultz is hit by Eric Belanger and loses puck.
5:26 of 1st period - Icing by Matt Hunwick.
5:27 of 1st period - Zack Smith wins face-off versus Kyle Brodziak in Penguins zone.
5:29 of 1st period - Brandon Saad is hit by Nikolai Kulemin and loses puck.
5:35 of 1st period - Minor Penalty to Kevin Bieksa for Roughing.
5:36 of 1st period - Eric Belanger wins face-off versus John Tavares in Flyers zone.
6:23 of 1st period - Shot by Kris Letang.
6:23 of 1st period - Shot Misses the Net.
6:37 of 1st period - Shot by Barret Jackman.
6:37 of 1st period - Shot Misses the Net.
6:47 of 1st period - Shot by Alexander Steen.
6:47 of 1st period - Shot Misses the Net.
6:49 of 1st period - Shot by Nick Leddy.
6:49 of 1st period - Stopped by Devan Dubnyk with a rebound.
6:51 of 1st period - Shot by Barret Jackman.
6:51 of 1st period - Deflect By Ryan Getzlaf.
6:51 of 1st period - Shot Misses the Net.
7:33 of 1st period - Shot by Kris Letang.
7:33 of 1st period - Goal by Kris Letang - Flyers : 1 - Penguins : 1.
7:34 of 1st period - Jean-Gabriel Pageau wins face-off versus Stephen Weiss in neutral zone.
7:48 of 1st period - Icing by Carlo Colaiacovo.
7:49 of 1st period - Jean-Gabriel Pageau wins face-off versus Zack Smith in Flyers zone.
7:56 of 1st period - Brandon Saad is hit by Kyle Okposo and loses puck.
9:08 of 1st period - Off-side.
9:09 of 1st period - John Tavares wins face-off versus Kyle Brodziak in neutral zone.
9:36 of 1st period - Shot by John Tavares.
9:36 of 1st period - Shot Misses the Net.
9:42 of 1st period - Barret Jackman is hit by Nikolai Kulemin and loses puck.
9:57 of 1st period - Icing by R.J. Umberger.
9:58 of 1st period - Ryan Getzlaf wins face-off versus Eric Belanger in Flyers zone.
10:13 of 1st period - Shot by Ryan Getzlaf.
10:13 of 1st period - Shot Blocked by R.J. Umberger.
10:58 of 1st period - Shot by Tom Pyatt.
10:58 of 1st period - Stopped by Devan Dubnyk without a rebound.
10:59 of 1st period - John Tavares wins face-off versus Jean-Gabriel Pageau in Flyers zone.
11:21 of 1st period - Kyle Okposo is hit by Kris Letang and loses puck.
11:30 of 1st period - Shot by Marc-Andre Bergeron.
11:30 of 1st period - Shot Blocked by Kris Letang.
11:32 of 1st period - Shot by Kyle Okposo.
11:32 of 1st period - Deflect By Jean-Gabriel Pageau.
11:32 of 1st period - Stopped by Marc-Andre Fleury without a rebound.
11:33 of 1st period - Kyle Brodziak wins face-off versus Stephen Weiss in Penguins zone.
12:29 of 1st period - Off-side.
12:30 of 1st period - Ryan Getzlaf wins face-off versus Gabriel Bourque in neutral zone.
12:51 of 1st period - Icing by Ryan Suter.
12:52 of 1st period - Ryan Getzlaf wins face-off versus David Steckel in Penguins zone.
12:54 of 1st period - Icing by Kris Letang.
12:55 of 1st period - David Steckel wins face-off versus Ryan Getzlaf in Penguins zone.
13:13 of 1st period - Off-side.
13:14 of 1st period - John Tavares wins face-off versus Kyle Brodziak in neutral zone.
13:45 of 1st period - Shot by Justin Williams.
13:45 of 1st period - Stopped by Marc-Andre Fleury without a rebound.
13:46 of 1st period - Ryan Getzlaf wins face-off versus Gabriel Bourque in Penguins zone.
13:46 of 1st period - Ryan Getzlaf is hit by Kyle Okposo.
13:49 of 1st period - Icing by Ryan Suter.
13:50 of 1st period - Ryan Getzlaf wins face-off versus Jean-Gabriel Pageau in Penguins zone.
13:50 of 1st period - Ryan Getzlaf is hit by Kyle Okposo.
13:57 of 1st period - Double Minor Penalty to Kyle Okposo for High sticking.
13:58 of 1st period - John Tavares wins face-off versus Nikolai Kulemin in Flyers zone.
14:03 of 1st period - Shot by Andrew Ladd.
14:03 of 1st period - Shot Blocked by Kevin Bieksa.
14:05 of 1st period - Shot by John Tavares.
14:05 of 1st period - Stopped by Devan Dubnyk with a rebound.
14:37 of 1st period - Shot by Andrew Ladd.
14:37 of 1st period - Deflect By John Tavares.
14:37 of 1st period - Shot Blocked by Mark Stuart.
14:39 of 1st period - Shot by John Tavares.
14:39 of 1st period - Shot Misses the Net.
14:41 of 1st period - Shot by Kris Letang.
14:41 of 1st period - Stopped by Devan Dubnyk without a rebound.
14:42 of 1st period - Eric Belanger wins face-off versus Alexander Steen in Flyers zone.
15:42 of 1st period - Icing by Ryan Suter.
15:43 of 1st period - Eric Belanger wins face-off versus John Tavares in Penguins zone.
16:38 of 1st period - Icing by Ryan Callahan.
16:39 of 1st period - Ryan Getzlaf wins face-off versus Kyle Brodziak in Penguins zone.
16:55 of 1st period - Off-side.
16:56 of 1st period - Ryan Getzlaf wins face-off versus Eric Belanger in neutral zone.
16:56 of 1st period - Ryan Getzlaf is hit by Nikolai Kulemin.
17:11 of 1st period - Shot by Ryan Getzlaf.
17:11 of 1st period - Stopped by Devan Dubnyk without a rebound.
17:12 of 1st period - John Tavares wins face-off versus Kyle Brodziak in Flyers zone.
17:21 of 1st period - Shot by John Tavares.
17:21 of 1st period - Stopped by Devan Dubnyk with a rebound.
17:23 of 1st period - Shot by Brendan Gallagher.
17:23 of 1st period - Shot Misses the Net.
17:25 of 1st period - Shot by Barret Jackman.
17:25 of 1st period - Shot Blocked by Luke Schenn.
17:27 of 1st period - Shot by Andrew Ladd.
17:27 of 1st period - Shot Blocked by Mark Stuart.
17:29 of 1st period - Shot by John Tavares.
17:29 of 1st period - Goal by John Tavares - Flyers : 1 - Penguins : 2.
17:30 of 1st period - Zack Smith wins face-off versus Jean-Gabriel Pageau in neutral zone.
17:46 of 1st period - Shot by Gabriel Bourque.
17:46 of 1st period - Deflect By Jean-Gabriel Pageau.
17:46 of 1st period - Shot Misses the Net.
17:48 of 1st period - Shot by Gabriel Bourque.
17:48 of 1st period - Shot Misses the Net.
17:50 of 1st period - Shot by Kevin Bieksa.
17:50 of 1st period - Stopped by Marc-Andre Fleury without a rebound.
17:51 of 1st period - Kyle Brodziak wins face-off versus Ryan Getzlaf in Penguins zone.
18:23 of 1st period - Icing by Nick Leddy.
18:24 of 1st period - Jean-Gabriel Pageau wins face-off versus Ryan Getzlaf in Penguins zone.
19:02 of 1st period - Icing by Kris Letang.
19:03 of 1st period - Kyle Brodziak wins face-off versus John Tavares in Penguins zone.
19:11 of 1st period - Icing by Kris Letang.
19:12 of 1st period - Kyle Brodziak wins face-off versus John Tavares in Penguins zone.
19:12 of 1st period - Luke Schenn is hit by Kris Letang and loses puck.
19:21 of 1st period - Shot by Nikolai Kulemin.
19:21 of 1st period - Shot Misses the Net.

2nd period


0:01 of 2nd period - Kyle Brodziak wins face-off versus Ryan Getzlaf in neutral zone.
1:04 of 2nd period - Shot by John Tavares.
1:04 of 2nd period - Stopped by Devan Dubnyk without a rebound.
1:05 of 2nd period - Zack Smith wins face-off versus Jean-Gabriel Pageau in Flyers zone.
1:40 of 2nd period - Icing by Brandon Saad.
1:41 of 2nd period - Zack Smith wins face-off versus David Steckel in Penguins zone.
1:41 of 2nd period - Zack Smith is hit by Jack Skille.
1:44 of 2nd period - Icing by Matt Hunwick.
1:45 of 2nd period - David Steckel wins face-off versus Zack Smith in Penguins zone.
2:00 of 2nd period - Shot by Jack Skille.
2:00 of 2nd period - Shot Misses the Net.
2:29 of 2nd period - Icing by Marc-Andre Bergeron.
2:30 of 2nd period - Jack Skille wins face-off versus John Tavares in Flyers zone.
2:35 of 2nd period - Shot by Andrew Ladd.
2:35 of 2nd period - Stopped by Devan Dubnyk without a rebound.
2:36 of 2nd period - John Tavares wins face-off versus Kyle Brodziak in Flyers zone.
2:40 of 2nd period - Icing by Justin Williams.
2:41 of 2nd period - Ryan Getzlaf wins face-off versus Kyle Brodziak in Flyers zone.
2:51 of 2nd period - Icing by Kyle Brodziak.
2:52 of 2nd period - John Tavares wins face-off versus Kyle Brodziak in Flyers zone.
3:14 of 2nd period - Ryan Suter is hit by Nikolai Kulemin.
3:23 of 2nd period - Icing by Kevin Bieksa.
3:24 of 2nd period - Nikolai Kulemin wins face-off versus Alexander Steen in Flyers zone.
3:51 of 2nd period - Minor Penalty to Kyle Okposo for Hooking.
3:52 of 2nd period - John Tavares wins face-off versus Eric Belanger in Flyers zone.
3:57 of 2nd period - Shot by John Tavares.
3:57 of 2nd period - Goal by John Tavares - Flyers : 1 - Penguins : 3.
3:58 of 2nd period - Gabriel Bourque wins face-off versus John Tavares in neutral zone.
4:18 of 2nd period - Kris Letang is hit by Mark Stuart and loses puck.
4:36 of 2nd period - Icing by Luke Schenn.
4:37 of 2nd period - Jean-Gabriel Pageau wins face-off versus Ryan Getzlaf in Flyers zone.
5:16 of 2nd period - Alexander Steen is hit by Kevin Bieksa and loses puck.
5:37 of 2nd period - Shot by Kevin Bieksa.
5:37 of 2nd period - Stopped by Marc-Andre Fleury without a rebound.
5:38 of 2nd period - David Steckel wins face-off versus John Tavares in Penguins zone.
5:43 of 2nd period - Shot by Jack Skille.
5:43 of 2nd period - Shot Misses the Net.
5:45 of 2nd period - Shot by Jack Skille.
5:45 of 2nd period - Stopped by Marc-Andre Fleury without a rebound.
5:46 of 2nd period - David Steckel wins face-off versus Andrew Ladd in Penguins zone.
5:52 of 2nd period - Icing by Brendan Gallagher.
5:53 of 2nd period - John Tavares wins face-off versus Jack Skille in Penguins zone.
6:24 of 2nd period - Shot by Ryan Suter.
6:24 of 2nd period - Stopped by Devan Dubnyk without a rebound.
6:25 of 2nd period - Ryan Getzlaf wins face-off versus Kyle Brodziak in Flyers zone.
6:46 of 2nd period - Nikolai Kulemin is hit by Ryan Getzlaf and loses puck.
7:12 of 2nd period - Icing by Justin Williams.
7:13 of 2nd period - Kyle Brodziak wins face-off versus John Tavares in Flyers zone.
7:13 of 2nd period - Kyle Brodziak is hit by Brendan Gallagher.
7:59 of 2nd period - Shot by Andrew Ladd.
7:59 of 2nd period - Stopped by Devan Dubnyk without a rebound.
8:00 of 2nd period - Stephen Weiss wins face-off versus Eric Belanger in Flyers zone.
8:15 of 2nd period - R.J. Umberger is hit by David Perron and loses puck.
9:28 of 2nd period - Shot by Ryan Getzlaf.
9:28 of 2nd period - Shot Misses the Net.
9:30 of 2nd period - Shot by Ryan Callahan.
9:30 of 2nd period - Shot Misses the Net.
9:32 of 2nd period - Shot by Barret Jackman.
9:32 of 2nd period - Stopped by Devan Dubnyk without a rebound.
9:32 of 2nd period - Major / Game Misconduct Penalty to Devan Dubnyk for Unsportsmanlike conduct.
9:32 of 2nd period - Devan Dubnyk is ejected from game.
9:32 of 2nd period - Nikolai Khabibulin enters game.
9:33 of 2nd period - Andrew Ladd wins face-off versus Kyle Brodziak in Flyers zone.
10:03 of 2nd period - Kris Letang is hit by Nikolai Kulemin and loses puck.
11:28 of 2nd period - Shot by Kris Letang.
11:28 of 2nd period - Stopped by Nikolai Khabibulin without a rebound.
11:29 of 2nd period - Ryan Getzlaf wins face-off versus Jean-Gabriel Pageau in Flyers zone.
11:58 of 2nd period - Shot by Ryan Getzlaf.
11:58 of 2nd period - Shot Misses the Net.
12:08 of 2nd period - Jean-Gabriel Pageau is hit by Andrew Ladd and loses puck.
12:13 of 2nd period - Shot by Ryan Suter.
12:13 of 2nd period - Stopped by Nikolai Khabibulin with a rebound.
12:15 of 2nd period - Shot by Kris Letang.
12:15 of 2nd period - Shot Misses the Net.
12:17 of 2nd period - Shot by Kris Letang.
12:17 of 2nd period - Stopped by Nikolai Khabibulin with a rebound.
12:19 of 2nd period - Shot by Kris Letang.
12:19 of 2nd period - Stopped by Nikolai Khabibulin without a rebound.
12:20 of 2nd period - John Tavares wins face-off versus Kyle Brodziak in Flyers zone.
12:25 of 2nd period - Shot by Kris Letang.
12:25 of 2nd period - Stopped by Nikolai Khabibulin with a rebound.
12:27 of 2nd period - Shot by John Tavares.
12:27 of 2nd period - Stopped by Nikolai Khabibulin with a rebound.
12:29 of 2nd period - Shot by Ryan Suter.
12:29 of 2nd period - Stopped by Nikolai Khabibulin with a rebound.
13:04 of 2nd period - Barret Jackman is hit by Gabriel Bourque and loses puck.
13:40 of 2nd period - Off-side.
13:41 of 2nd period - Jean-Gabriel Pageau wins face-off versus Ryan Getzlaf in neutral zone.
14:47 of 2nd period - Shot by Brandon Saad.
14:47 of 2nd period - Shot Misses the Net.
14:53 of 2nd period - Shot by Brandon Saad.
14:53 of 2nd period - Deflect By Gabriel Landeskog.
14:53 of 2nd period - Shot Misses the Net.
15:11 of 2nd period - Shot by Brandon Saad.
15:11 of 2nd period - Shot Blocked by Carlo Colaiacovo.
15:13 of 2nd period - Shot by Nick Schultz.
15:13 of 2nd period - Stopped by Nikolai Khabibulin without a rebound.
15:14 of 2nd period - Stephen Weiss wins face-off versus David Steckel in Flyers zone.
15:21 of 2nd period - Shot by Stephen Weiss.
15:21 of 2nd period - Deflect By David Perron.
15:21 of 2nd period - Shot Misses the Net.
15:23 of 2nd period - Shot by Ryan Suter.
15:23 of 2nd period - Shot Blocked by Mark Stuart.
15:52 of 2nd period - Off-side.
15:53 of 2nd period - Kyle Brodziak wins face-off versus John Tavares in neutral zone.
17:00 of 2nd period - Carlo Colaiacovo is hit by Ryan Getzlaf and loses puck.
17:25 of 2nd period - Shot by Ryan Getzlaf.
17:25 of 2nd period - Shot Blocked by Carlo Colaiacovo.
17:27 of 2nd period - Shot by Matt Hunwick.
17:27 of 2nd period - Stopped by Nikolai Khabibulin without a rebound.
17:28 of 2nd period - David Steckel wins face-off versus Zack Smith in Flyers zone.
18:39 of 2nd period - Ryan Getzlaf is hit by Mark Stuart and loses puck.
18:51 of 2nd period - Alexander Steen is hit by Mark Stuart and loses puck.
19:21 of 2nd period - Nick Leddy is hit by Luke Schenn and loses puck.
19:31 of 2nd period - Minor Penalty to Mark Stuart for Tripping.
19:32 of 2nd period - Eric Belanger wins face-off versus John Tavares in Flyers zone.
19:43 of 2nd period - Shot by Kris Letang.
19:43 of 2nd period - Shot Misses the Net.
19:45 of 2nd period - Shot by Andrew Ladd.
19:45 of 2nd period - Stopped by Nikolai Khabibulin without a rebound.
19:46 of 2nd period - Ryan Getzlaf wins face-off versus Eric Belanger in Flyers zone.
19:56 of 2nd period - Shot by Alexander Steen.
19:56 of 2nd period - Shot Misses the Net.

3rd period


0:01 of 3rd period - Ryan Getzlaf wins face-off versus Eric Belanger in neutral zone.
0:30 of 3rd period - Shot by Ryan Suter.
0:30 of 3rd period - Stopped by Nikolai Khabibulin with a rebound.
0:32 of 3rd period - Shot by Kris Letang.
0:32 of 3rd period - Shot Blocked by Carlo Colaiacovo.
0:38 of 3rd period - Shot by Kris Letang.
0:38 of 3rd period - Stopped by Nikolai Khabibulin with a rebound.
1:29 of 3rd period - Shot by Andrew Ladd.
1:29 of 3rd period - Stopped by Nikolai Khabibulin without a rebound.
1:29 of 3rd period - Minor Penalty to Kevin Bieksa for Hooking.
1:30 of 3rd period - Alexander Steen wins face-off versus Eric Belanger in Flyers zone.
1:57 of 3rd period - Shot by Kris Letang.
1:57 of 3rd period - Stopped by Nikolai Khabibulin without a rebound.
1:58 of 3rd period - John Tavares wins face-off versus Nikolai Kulemin in Flyers zone.
2:07 of 3rd period - Shot by Nick Leddy.
2:07 of 3rd period - Stopped by Nikolai Khabibulin without a rebound.
2:08 of 3rd period - Kyle Brodziak wins face-off versus John Tavares in Flyers zone.
2:25 of 3rd period - Shot by John Tavares.
2:25 of 3rd period - Deflect By Andrew Ladd.
2:25 of 3rd period - Stopped by Nikolai Khabibulin with a rebound.
2:33 of 3rd period - Shot by John Tavares.
2:33 of 3rd period - Stopped by Nikolai Khabibulin without a rebound.
2:34 of 3rd period - Ryan Getzlaf wins face-off versus Eric Belanger in Flyers zone.
3:31 of 3rd period - Shot by Brandon Saad.
3:31 of 3rd period - Stopped by Nikolai Khabibulin without a rebound.
3:32 of 3rd period - Jean-Gabriel Pageau wins face-off versus John Tavares in Flyers zone.
3:48 of 3rd period - Icing by Barret Jackman.
3:49 of 3rd period - John Tavares wins face-off versus David Steckel in Penguins zone.
3:49 of 3rd period - John Tavares is hit by Jack Skille.
4:19 of 3rd period - Icing by Dainius Zubrus.
4:20 of 3rd period - Ryan Callahan wins face-off versus David Steckel in Flyers zone.
5:10 of 3rd period - Minor Penalty to Nikolai Kulemin for Roughing.
5:11 of 3rd period - John Tavares wins face-off versus Eric Belanger in Flyers zone.
5:11 of 3rd period - John Tavares is hit by Mark Stuart.
5:24 of 3rd period - Icing by John Tavares.
5:25 of 3rd period - John Tavares wins face-off versus Eric Belanger in Penguins zone.
6:25 of 3rd period - Off-side.
6:26 of 3rd period - Ryan Getzlaf wins face-off versus Eric Belanger in neutral zone.
6:29 of 3rd period - Shot by Ryan Suter.
6:29 of 3rd period - Shot Blocked by Eric Belanger.
6:31 of 3rd period - Shot by Alexander Steen.
6:31 of 3rd period - Shot Misses the Net.
7:01 of 3rd period - Shot by Ryan Callahan.
7:01 of 3rd period - Deflect By Ryan Getzlaf.
7:01 of 3rd period - Shot Misses the Net.
7:03 of 3rd period - Shot by Ryan Getzlaf.
7:03 of 3rd period - Stopped by Nikolai Khabibulin without a rebound.
7:04 of 3rd period - Kyle Brodziak wins face-off versus John Tavares in Flyers zone.
7:38 of 3rd period - Icing by Nikolai Kulemin.
7:39 of 3rd period - Kyle Brodziak wins face-off versus John Tavares in Flyers zone.
7:56 of 3rd period - Shot by Justin Williams.
7:56 of 3rd period - Stopped by Marc-Andre Fleury with a rebound.
8:13 of 3rd period - Andrew Ladd is hit by Luke Schenn and loses puck.
8:37 of 3rd period - Icing by Mark Stuart.
8:38 of 3rd period - Ryan Getzlaf wins face-off versus David Steckel in Flyers zone.
8:38 of 3rd period - Ryan Getzlaf is hit by Luke Schenn.
8:50 of 3rd period - Shot by Alexander Steen.
8:50 of 3rd period - Stopped by Nikolai Khabibulin without a rebound.
8:51 of 3rd period - Jean-Gabriel Pageau wins face-off versus Gabriel Landeskog in Flyers zone.
9:15 of 3rd period - Shot by Kyle Okposo.
9:15 of 3rd period - Goal by Kyle Okposo - Flyers : 2 - Penguins : 3.
9:16 of 3rd period - Kyle Brodziak wins face-off versus Ryan Getzlaf in neutral zone.
9:16 of 3rd period - Kyle Brodziak is hit by Ryan Getzlaf.
9:36 of 3rd period - Shot by Justin Williams.
9:36 of 3rd period - Shot Misses the Net.
9:49 of 3rd period - Nikolai Kulemin is hit by Barret Jackman and loses puck.
9:58 of 3rd period - Shot by Justin Williams.
9:58 of 3rd period - Shot Blocked by Nick Leddy.
10:42 of 3rd period - Minor Penalty to Kevin Bieksa for High sticking.
10:43 of 3rd period - John Tavares wins face-off versus Eric Belanger in Flyers zone.
10:48 of 3rd period - Shot by John Tavares.
10:48 of 3rd period - Shot Misses the Net.
10:51 of 3rd period - Minor Penalty to Mark Stuart for Tripping.
10:52 of 3rd period - Ryan Getzlaf wins face-off versus Eric Belanger in Flyers zone.
11:03 of 3rd period - Shot by Ryan Suter.
11:03 of 3rd period - Shot Misses the Net.
12:00 of 3rd period - Shot by Barret Jackman.
12:00 of 3rd period - Shot Misses the Net.
13:08 of 3rd period - Shot by Gabriel Landeskog.
13:08 of 3rd period - Shot Misses the Net.
13:10 of 3rd period - Shot by Nick Schultz.
13:10 of 3rd period - Stopped by Nikolai Khabibulin without a rebound.
13:11 of 3rd period - David Steckel wins face-off versus Stephen Weiss in Flyers zone.
13:21 of 3rd period - Icing by Matt Hunwick.
13:22 of 3rd period - Kyle Brodziak wins face-off versus David Perron in Penguins zone.
13:58 of 3rd period - David Perron is hit by Nikolai Kulemin.
14:17 of 3rd period - Andrew Ladd is hit by Luke Schenn and loses puck.
14:30 of 3rd period - Shot by John Tavares.
14:30 of 3rd period - Shot Blocked by Mark Stuart.
14:32 of 3rd period - Shot by Brendan Gallagher.
14:32 of 3rd period - Shot Misses the Net.
14:40 of 3rd period - Shot by Nick Leddy.
14:40 of 3rd period - Shot Blocked by Kyle Brodziak.
14:42 of 3rd period - Shot by Nick Leddy.
14:42 of 3rd period - Stopped by Nikolai Khabibulin without a rebound.
14:43 of 3rd period - Gabriel Bourque wins face-off versus Ryan Getzlaf in Flyers zone.
14:43 of 3rd period - Gabriel Bourque is hit by Ryan Getzlaf.
15:36 of 3rd period - Icing by Joni Pitkanen.
15:37 of 3rd period - Jean-Gabriel Pageau wins face-off versus John Tavares in Flyers zone.
15:53 of 3rd period - John Tavares is hit by Carlo Colaiacovo.
16:02 of 3rd period - John Tavares is hit by Carlo Colaiacovo and loses puck.
16:12 of 3rd period - Off-side.
16:13 of 3rd period - David Steckel wins face-off versus Brandon Saad in neutral zone.
16:37 of 3rd period - Shot by Brandon Saad.
16:37 of 3rd period - Deflect By Gabriel Landeskog.
16:37 of 3rd period - Shot Blocked by Marc-Andre Bergeron.
17:03 of 3rd period - Shot by Kyle Brodziak.
17:03 of 3rd period - Goal by Kyle Brodziak - Flyers : 3 - Penguins : 3.
17:04 of 3rd period - Eric Belanger wins face-off versus Ryan Getzlaf in neutral zone.
17:21 of 3rd period - Shot by Ryan Callahan.
17:21 of 3rd period - Deflect By Alexander Steen.
17:21 of 3rd period - Shot Misses the Net.
17:38 of 3rd period - Minor Penalty to R.J. Umberger for Hooking.
17:39 of 3rd period - John Tavares wins face-off versus Eric Belanger in Flyers zone.
18:45 of 3rd period - Off-side.
18:46 of 3rd period - Kyle Brodziak wins face-off versus Ryan Getzlaf in neutral zone.
19:07 of 3rd period - Shot by Ryan Getzlaf.
19:07 of 3rd period - Stopped by Nikolai Khabibulin without a rebound.
19:08 of 3rd period - Kyle Brodziak wins face-off versus John Tavares in Flyers zone.
19:17 of 3rd period - Shot by Andrew Ladd.
19:17 of 3rd period - Shot Blocked by Joni Pitkanen.
19:19 of 3rd period - Shot by Kris Letang.
19:19 of 3rd period - Shot Misses the Net.
19:21 of 3rd period - Shot by Kris Letang.
19:21 of 3rd period - Shot Misses the Net.
19:23 of 3rd period - Shot by Andrew Ladd.
19:23 of 3rd period - Shot Misses the Net.
19:25 of 3rd period - Shot by Ryan Suter.
19:25 of 3rd period - Stopped by Nikolai Khabibulin without a rebound.
19:26 of 3rd period - Ryan Getzlaf wins face-off versus Eric Belanger in Flyers zone.
19:27 of 3rd period - Shot by Barret Jackman.
19:27 of 3rd period - Stopped by Nikolai Khabibulin without a rebound.
19:28 of 3rd period - Ryan Getzlaf wins face-off versus Eric Belanger in Flyers zone.
19:46 of 3rd period - Minor Penalty to Marc-Andre Bergeron for Tripping.
19:47 of 3rd period - Ryan Getzlaf wins face-off versus Eric Belanger in Flyers zone.

Overtime #1


0:01 of 1st overtime period - John Tavares wins face-off versus Eric Belanger in neutral zone.
0:25 of 1st overtime period - Shot by Andrew Ladd.
0:25 of 1st overtime period - Shot Misses the Net.
0:33 of 1st overtime period - Shot by Andrew Ladd.
0:33 of 1st overtime period - Goal by Andrew Ladd - Flyers : 3 - Penguins : 4.


Output by the SimonT Hockey Simulator (STHS) for Stephane Roy -- Original Page W3C XHTML 1.0 Valid
Hockey Simulator - Hockey Simulation - Hockey Manager